 Dungeon Crawl Stone Soup version 0.30-a0-1075-gcd70e7a56d (webtiles) character file.

Game seed: 429966790677367724

424 billz999 the Magician (level 6, -1/36 HPs)
             Began as an Octopode Earth Elementalist on Apr 14, 2023.
             Was a Believer of Vehumet.
             Slain by Grinder (9 damage)
             ... while paralysed by Grinder
             ... in a sewer.
             The game lasted 00:10:09 (3786 turns).

billz999 the Magician (Octopode Earth Elementalist) Turns: 3786, Time: 00:10:09

Health: -1/36      AC:  1    Str:  8      XL:     6   Next: 96%
Magic:  3/12       EV:  2    Int: 19      God:    Vehumet [**....]
Gold:   126        SH:  0    Dex: 10 (12) Spells: 8/14 levels left

rFire   . . .      SeeInvis +    l - +4 dagger
rCold   . . .      Faith    .    (no shield)
rNeg    . . .      Spirit   .    (helmet restricted)
rPois   .          Reflect  .    (no amulet)
rElec   .          Rampage  .    c - ring of flight
rCorr   .                        n - ring of see invisible
Will    .....                    (no ring)
Stlth   +++                      (no ring)
HPRegen 0.26/turn                (no ring)
MPRegen 0.13/turn                (no ring)
                                 (no ring)
                                 (no ring)

@: paralysed, flying
A: almost no armour, amphibious, 8 rings, camouflage 1, gelatinous body 1,
(nimble swimmer 1), tentacles
a: Renounce Religion


You were in a sewer.
You worshipped Vehumet.
Vehumet was pleased with you.
You visited 1 branch of the dungeon, and saw 4 of its levels.
You also visited: Sewer and Ossuary.

You collected 126 gold pieces.

Inventory:

Hand Weapons
 l - a +4 dagger (weapon)
Jewellery
 c - a ring of flight (left tentacle)
 n - a ring of see invisible (right tentacle)
Wands
 p - a wand of light (8)
Scrolls
 b - a scroll of silence {unknown}
 d - 2 scrolls of immolation
 e - a scroll of vulnerability
 f - a scroll of magic mapping {unknown}
 g - a scroll of fog
 h - 2 scrolls of amnesia {unknown}
 i - a scroll of enchant weapon {unknown}
 j - a scroll of poison {unknown}
 m - 3 scrolls of blinking {unknown}
 s - 2 scrolls of enchant armour {unknown}
 t - a scroll of teleportation {unknown}
Potions
 a - 5 potions of magic
 k - 2 potions of ambrosia {unknown}
 o - 6 potions of curing {unknown}
 q - 2 potions of invisibility {unknown}
 r - a potion of resistance {unknown}
 u - a potion of brilliance {unknown}
 v - 2 potions of heal wounds


   Skills:
 - Level 2.0 Dodging
 - Level 2.6 Stealth
 + Level 4.5 Spellcasting
 - Level 4.0 Transmutations
 - Level 0.1 Ice Magic
 + Level 4.4 Earth Magic


You had 8 spell levels left.
You knew the following spells:

 Your Spells              Type           Power      Damage    Failure   Level
a - Sandblast             Erth           42%        2d11      2%          1
b - Frozen Ramparts       Ice            8%         1d2       36%         3
c - Poisonous Vapours     Pois/Air       8%         N/A       21%         2

Your spell library contained the following spells:

 Spells                   Type           Power      Damage    Failure   Level
 Passwall                 Tmut/Erth      16%        N/A       3%          2
 Shock                    Conj/Air       16%        1d4       13%         1
 Stone Arrow              Conj/Erth      24%        3d8       16%         3
 Petrify                  Tmut/Erth      20%        N/A       22%         4
 Ozocubu's Armour         Ice            4%         N/A       36%         3
 Swiftness                Air            4%         N/A       36%         3
 Ice Form                 Ice/Tmut       12%        N/A       50%         4
 Summon Ice Beast         Ice/Summ       4%         N/A       77%         4
 Airstrike                Air            2%         2d(1-17)  78%         4
 Ozocubu's Refrigeration  Ice            2%         4d7       100%        7


Dungeon Overview and Level Annotations

Branches:
Dungeon (4/15)              Sewer (1/1)             Ossuary (visited)
 Temple: D:4-7

Altars:
Ashenzari
Elyvilon
Vehumet

Shops:
D:4 *

Annotations:
D:2 2 exclusions Sewer Grinder


Innate Abilities, Weirdness & Mutations

You cannot wear most types of armour.
You are amphibious.
You can wear up to eight rings at the same time.
Your skin changes colour to match your surroundings (Stealth+).
Your rubbery body absorbs attacks. (AC +1, EV +1)
((You are camouflaged when in or above water. (Stealth+)))
You have tentacles for arms and can constrict up to eight enemies at once.


Message History

Casting: Sandblast (safe; 2% risk of failure)
Confirm with . or Enter, or press ? or * to list all spells.
Aiming: Sandblast (safe; 2% risk of failure)
Press: ? - help, Shift-Dir - straight line, f/p - Grinder
Aim: Grinder (heavily wounded, 81% to hit)
The blast of sand misses Grinder.
You feel sick.
Unknown command.
Unknown command.
Casting: Sandblast (safe; 2% risk of failure)
Confirm with . or Enter, or press ? or * to list all spells.
Aiming: Sandblast (safe; 2% risk of failure)
Press: ? - help, Shift-Dir - straight line, f/p - Grinder
Aim: Grinder (heavily wounded, 81% to hit)
The blast of sand hits Grinder but does no damage.
Grinder is heavily wounded.
The frozen ramparts melt away.
You feel sick.
You are no longer poisoned.
Unknown command.
Casting: Sandblast (safe; 2% risk of failure)
Confirm with . or Enter, or press ? or * to list all spells.
Aiming: Sandblast (safe; 2% risk of failure)
Press: ? - help, Shift-Dir - straight line, f/p - Grinder
Aim: Grinder (heavily wounded, 81% to hit)
The blast of sand hits Grinder!
Grinder is severely wounded.
Grinder hits you.
You writhe in agony.
Unknown command.
Unknown command.
Casting: Sandblast (safe; 2% risk of failure)
Confirm with . or Enter, or press ? or * to list all spells.
Aiming: Sandblast (safe; 2% risk of failure)
Press: ? - help, Shift-Dir - straight line, f/p - Grinder
Aim: Grinder (severely wounded, 81% to hit)
The blast of sand misses Grinder.
Grinder misses you. Grinder gestures at you.
You suddenly lose the ability to move!
Grinder hits you!
* * * LOW HITPOINT WARNING * * *
Grinder hits you!
You die...

#≈≈~#≈≈≈≈~≈≈...#≈≈≈≈≈≈#
#~≈~#≈≈≈~~~#...#≈≈≈≈≈≈#
#≈≈≈#≈≈≈≈≈...≈...~≈≈≈~#
#≈≈~#≈≈.~..#≈≈≈#..≈≈~~#
#≈~~#.))...#≈≈≈#......#
#≈..#)#######≈#######'#
#~~~#......#...#.....)#
#~..)~..~~~.....~≈~≈~~#
#≈~≈#≈≈≈~~~#..@#≈≈≈≈≈≈#
#############5#########
###.).### #####
#..)§...#~≈≈≈≈≈
+......5K......
+.§._.§.'......
+.......'......
#..§.§..#≈≈≈≈≈~
##.....########


You could see Grinder.

Vanquished Creatures
  A howler monkey (D:3)
  A quasit (Sewer)
  A hound (D:4)
  3 human zombies (Ossuary)
  Terence (D:2)
  An iguana (D:3)
  4 mummies (Ossuary)
  An adder (D:2)
  A shadow imp (Sewer)
  2 ufetubi
  3 worms
  2 dart slugs
  An orc (D:3)
  6 endoplasms
  9 giant cockroaches
  3 goblins
  4 hobgoblins
  7 jackals
  21 kobolds
  7 quokkas
  5 ball pythons
  10 bats
  A frilled lizard (D:2)
  3 goblin zombies (Ossuary)
  2 kobold zombies
  An orc zombie (Ossuary)
  3 rats (D:3)
104 creatures vanquished.

Vanquished Creatures (others)
  An endoplasm (Sewer)
1 creature vanquished.

Grand Total: 105 creatures vanquished

Notes
Turn   | Place    | Note
-------+----------+-------------------------------------------
     0 | D:1      | billz999 the Octopode Earth Elementalist began the quest
                  | for the Orb.
     0 | D:1      | Reached XP level 1. HP: 11/11 MP: 3/3
   143 | D:1      | Reached XP level 2. HP: 14/17 MP: 0/5
   920 | D:1      | You are sucked into a shaft and drop 1 floor!
   932 | D:2      | Reached XP level 3. HP: 21/21 MP: 3/6
  1171 | D:2      | Found a radiant altar of Vehumet.
  1190 | D:2      | Found a faded altar of an unknown god.
  1203 | D:2      | Became a worshipper of Vehumet
  1222 | D:2      | Noticed Terence
  1742 | D:2      | Killed Terence
  1743 | D:2      | Reached XP level 4. HP: 6/27 MP: 5/7
  1959 | D:3      | Reached XP level 5. HP: 31/31 MP: 2/9
  2056 | D:3      | Found a radiant altar of Vehumet.
  2317 | D:3      | Found a white marble altar of Elyvilon.
  2321 | D:3      | Reached * piety under Vehumet
  2321 | D:3      | Offered knowledge of Foxfire by Vehumet.
  2326 | D:3      | Learned a level 3 spell: Frozen Ramparts
  2405 | D:3      | Found a broken altar of Ashenzari.
  2861 | D:4      | Found Usajor's General Store.
  2941 | D:4      | Found a sand-covered staircase.
  2947 | Ossuary  | Entered an ossuary
  3002 | Ossuary  | Reached XP level 6. HP: 29/36 MP: 6/11
  3432 | D:4      | Found a glowing drain.
  3456 | Sewer    | Entered a sewer
  3458 | Sewer    | Offered knowledge of Poisonous Vapours by Vehumet.
  3462 | Sewer    | Learned a level 2 spell: Poisonous Vapours
  3583 | Sewer    | Reached ** piety under Vehumet
  3714 | Sewer    | Found a burning altar of Makhleb.
  3763 | Sewer    | Noticed Grinder
  3784 | Sewer    | Paralysed by Grinder for 5 turns
  3786 | Sewer    | Slain by Grinder

Illustrated notes

Levels and vault maps discovered:
D:1:      tarquinn_simple_flora_water_a, layout_basic, minmay_pentomino_x4
D:2:      layout_loops_ring, basic_altar,
          chequers_ecumenical_altar_simple_redux, uniq_terence
D:3:      layout_basic, mainiacjoe_overflow_brackets,
          mainiacjoe_overflow_boulevard, ashenzari_altar_1,
          grunt_decor_mini_mirrors
D:4:      layout_loops_cross, serial_shops, kennysheep_mini,
          nicolae_ossuary_entry_plus, gup_sewer_entry_pipe
Sewer:    kennysheep_sewer_church

Skill      XL: |  1  2  3  4  5  6 |
---------------+-------------------+-----
Transmutations | 2 3 4 |  4.0
Spellcasting   | 3 4 |  4.5
Earth Magic    | 4 |  4.4
Dodging        | |  2.0
Stealth        | |  2.6
Ice Magic      | |  0.1

Action                     |  1- 3 |  4- 6 || total
---------------------------+-------+-------++-------
  Melee: Unarmed           |    14 |       ||    14
         Constrict         |     9 |     5 ||    14
         Tentacles         |     3 |     1 ||     4
         Dagger            |     6 |    19 ||    25
   Cast: Sandblast         |    47 |   128 ||   175
         Frozen Ramparts   |       |     1 ||     1
    Use: Potion            |     4 |       ||     4
         Scroll            |       |     4 ||     4
   Stab: Sleeping          |     4 |     6 ||    10
 Armour: Skin              |     3 |     5 ||     8
  Dodge: Dodged            |    29 |    71 ||   100

Table legend: (Time is in decaauts)
 A = Elapsed time spent in this place.
 B = Non-inter-level travel time spent in this place.
 C = Inter-level travel time spent in this place.
 D = Time resting spent in this place.
 E = Time spent auto-exploring this place.
 F = Levels seen in this place.
 G = Mean time per level.
                   A        B        C        D        E       F      G
               +--------+--------+--------+--------+--------+-----+--------+
         Total |   3852 |   3791 |     61 |    211 |   2817 |   6 |  642.0 |
       Dungeon |   3067 |   3006 |     61 |    158 |   2304 |   4 |  766.8 |
         Sewer |    350 |    350 |      0 |     10 |    238 |   1 |  350.0 |
       Ossuary |    433 |    433 |      0 |     43 |    275 |   1 |  433.0 |
               +--------+--------+--------+--------+--------+-----+--------+

Top non-repeatable levels by time:
     D:2: 987 daAuts
     D:1: 929 daAuts
     D:3: 855 daAuts
 Ossuary: 433 daAuts
   Sewer: 350 daAuts
     D:4: 296 daAuts
